 Dungeon Crawl Stone Soup version 0.31.0-12-g77e489cdc1 (webtiles) character file.

Game seed: 5482898748028669963

2923 gohu the Summoner (level 10, 0/73 HPs)
             Began as a Djinni Fire Elementalist on Mar 6, 2024.
             Killed from afar by an orc wizard (10 damage)
             ... with a magic dart
             ... on level 8 of the Dungeon.
             The game lasted 00:20:33 (7766 turns).

gohu the Summoner (Djinni Fire Elementalist)        Turns: 7766, Time: 00:20:34

Health: 0/73       AC:  3    Str: 13    XL:     10   Next: 6%
Gold:   222        EV: 12    Int: 21    God:
                   SH:  5    Dex: 14

rFire   + + .        l - +0 dagger
rCold   x . .        (no shield)
rNeg    . . .        a - +0 robe
rPois   ∞            B - +0 helmet
rElec   .            p - +0 cloak
rCorr   .            r - +2 pair of gloves
SInv    .            (boots unavailable)
Will    +....        g - amulet of reflection
Stlth   ++           C - +6 ring of strength
HPRegen 0.32/turn    t - ring of wizardry
MPRegen 0.00/turn

%: reflection, wizardry (x1), infuse magic (-1 HP)
@: corroded, flying, hasted, studying Summonings, very quick
A: sickness immunity, fire resistance 2, cold vulnerability 1, float, innate
caster, HP casting, extra vitality 1
a: no special abilities


You were on level 8 of the Dungeon.
You visited 2 branches of the dungeon, and saw 9 of its levels.
You also visited: Ossuary.

You collected 372 gold pieces.
You spent 150 gold pieces at shops.

Inventory:

Hand Weapons
 l - a +0 dagger (weapon)
 J - a +4 short sword of freezing
 K - a +0 trident
Armour
 a - a +0 robe (worn)
 p - a +0 cloak (worn)
 r - a +2 pair of gloves (worn)
 B - a +0 helmet (worn)
Jewellery
 g - an amulet of reflection (around neck)
 t - a ring of wizardry (right hand)
 C - a +6 ring of strength (left hand)
Wands
 w - a wand of flame (16)
 A - a wand of mindburst (8)
Scrolls
 c - a scroll of revelation {unknown}
 d - 6 scrolls of teleportation {unknown}
 f - a scroll of poison {unknown}
 m - 2 scrolls of noise {unknown}
 n - a scroll of enchant weapon {unknown}
 o - 5 scrolls of identify {unknown}
 q - a scroll of blinking {unknown}
 s - a scroll of torment {unknown}
 v - a scroll of butterflies {unknown}
 x - a scroll of enchant armour {unknown}
 y - a scroll of vulnerability {unknown}
 D - a scroll of fog {unknown}
 E - a scroll of acquirement {unknown}
 I - a scroll of brand weapon {unknown}
Potions
 b - 3 potions of might {unknown}
 e - 3 potions of haste
 h - 2 potions of attraction {unknown}
 i - 11 potions of curing {unknown}
 j - 5 potions of mutation {unknown}
 k - 2 potions of degeneration {unknown}
 u - a potion of heal wounds
 z - 3 potions of invisibility {unknown}
 F - a potion of enlightenment {unknown}
 G - 2 potions of ambrosia {unknown}
 H - a potion of brilliance {unknown}
 L - 2 potions of magic {unknown}


   Skills:
 + Level 6.7 Fighting
 - Level 2.1 Dodging
 - Level 1.5 Stealth
 + Level 9.4 Spellcasting
 + Level 9.4 Conjurations
 + Level 9.4 Hexes
 + Level 9.5 Summonings
 + Level 9.4 Necromancy
 + Level 9.4 Translocations
 + Level 9.4 Fire Magic
 + Level 9.4 Ice Magic
 + Level 9.4 Air Magic
 + Level 9.4 Earth Magic
 + Level 9.4 Alchemy


You knew the following spells:

 Your Spells              Type           Power      Damage    Failure   Level
a - Foxfire               Conj/Fire      100%       2x1d9     1%          1
b - Scorch                Fire           98%        2d9       1%          2
c - Volatile Blastmotes   Fire/Tloc      98%        2d18      1%          3
d - Inner Flame           Hex/Fire       49%        N/A       1%          3
e - Flame Wave            Conj/Fire      49%        2d12      1%          4
f - Necrotise             Necr           100%       1d9       1%          1
g - Static Discharge      Conj/Air       98%        3-8/arc   1%          2
h - Passwall              Erth           49%        N/A       1%          3
i - Teleport Other        Tloc           49%        N/A       1%          3
Your spell library was empty.

Dungeon Overview and Level Annotations

Branches:
Dungeon (8/15)             Temple (1/1) D:7         Ossuary (visited)
   Lair: D:8-11

Altars:
Cheibriados
Dithmenos
Elyvilon
Fedhas
Gozag
Hepliaklqana
Nemelex Xobeh
Okawaru
Qazlal
Ru
Trog
Uskayaw
Wu Jian
Xom
Yredelemnul
Zin

Shops:
D:5 !

Annotations:
D:8 Erica, Gastronok


Innate Abilities, Weirdness & Mutations

You are immune to sickness and miasma.
You are immune to poison.
Your flesh is very heat resistant. (rF++)
You are vulnerable to cold. (rC-)
You float through the air rather than walking.
You learn spells naturally, not from books.
Your magical power is your life essence.
You have superior vitality. (+4 MHP)


Message History

An orc comes into view.
It is wielding a +2 hand axe of freezing.
The cloud of blastmotes explodes!
The concussive blast engulfs the acid dragon.
The acid dragon is moderately wounded.
The orc shouts!
An orc comes into view. It is wielding a +0 falchion.
You hear a screech!
The orc wizard closely misses you.
You feel much better. The orc wizard misses you.
The acid dragon spits acid at you. The splash of acid hits you!!
* * * LOW HITPOINT WARNING * * *
The acid corrodes you!
The cloud of blastmotes explodes!
The concussive blast engulfs Gastronok!!
Gastronok is almost dead.
You hear a shout!
The orc wizard gestures at you while chanting.
The puff of flame hits you. You resist.
* * * LOW HITPOINT WARNING * * *
You're too confused to move!
You feel less confused. The acid dragon bites you!
* * * LOW HITPOINT WARNING * * *
You block the acid dragon's attack.
You feel much better. You block the orc wizard's attack.
The acid dragon bites you! The acid dragon closely misses you.
You feel yourself speed up.
The orc wizard points at you and mumbles some strange words.
The puff of flame hits you. You resist. The acid dragon bites you.
* * * LOW HITPOINT WARNING * * *
The acid dragon claws you.
* * * LOW HITPOINT WARNING * * *
The orc attacks as it pursues you!
The orc hits you with a +2 hand axe of freezing.
* * * LOW HITPOINT WARNING * * *
The orc freezes you.
* * * LOW HITPOINT WARNING * * *
The orc wizard points at you and mumbles some strange words.
The magic dart hits you!
You die...

#...##.............#
#...##.#...#.#...#.#
+....................
#..<...#.#.#.#...#.#
#..w####w###.#.....#.
#...#.##......o......
####.....###Do#...#
#######.)######......#
..............@o........
######..............##.
#.....~.#.#.#..#.#
#.#.$.≈...#.#....#
#.#.[[~...#.#.#..#
#.#...)......[.....
#.#.......#.# # ..#
#.#.......#..
#.#....##.#


You could see an acid dragon, an orc wizard and 2 orcs.

Vanquished Creatures
  Jeremiah (D:6)
  Menkaure (Ossuary)
  A steam dragon (D:7)
  A water moccasin (D:7)
  An orc warrior (D:7)
  A black bear (D:5)
  3 ice beasts
  A sky beast (D:7)
  An ogre (D:5)
  A centaur (D:8)
  2 bullfrogs (D:7)
  3 scorpions
  3 wights (D:7)
  2 bombardier beetles
  4 centaur zombies (Ossuary)
  6 orc priests
  3 hounds (D:5)
  4 jellies
  6 orc wizards
  An ogre zombie (Ossuary)
  7 mummies
  7 gnolls (D:5)
  9 adders
  A shadow imp (D:6)
  A white imp (D:5)
  2 ufetubi (D:5)
  4 adder zombies (Ossuary)
  3 ribbon worms
  A dart slug (D:1)
  21 orcs
  3 bats
  7 endoplasms
  5 giant cockroaches
  A gnoll zombie (Ossuary)
  4 goblins
  6 hobgoblins
  2 jackals (D:4)
  5 quokkas
  12 ball pythons
  3 frilled lizards
  4 goblin zombies (Ossuary)
  8 hobgoblin zombies (Ossuary)
  7 kobolds
  2 kobold zombies (Ossuary)
  4 quokka zombies (Ossuary)
  5 rats
  2 rat zombies (Ossuary)
182 creatures vanquished.

Vanquished Creatures (others)
  604 foxfires
604 creatures vanquished.

Grand Total: 786 creatures vanquished

Notes
Turn   | Place    | Note
-------+----------+-------------------------------------------
     0 | D:1      | gohu the Djinni Fire Elementalist began the quest for the
                  | Orb.
     0 | D:1      | gohu set off with the following spells memorised: Foxfire,
                  | Scorch, Volatile Blastmotes, Inner Flame, Flame Wave.
     0 | D:1      | Reached XP level 1. HP: 15/15 MP: 0/0
   122 | D:1      | Reached XP level 2. HP: 20/21 MP: 0/0
   369 | D:1      | Reached XP level 3. HP: 24/25 MP: 0/0
   369 | D:1      | Learned a level 1 spell: Necrotise
   785 | D:2      | Reached XP level 4. HP: 30/31 MP: 0/0
  1692 | D:2      | Reached XP level 5. HP: 20/35 MP: 0/0
  1692 | D:2      | Learned a level 2 spell: Static Discharge
  1825 | D:3      | Reached skill level 5 in Spellcasting
  1825 | D:3      | Reached skill level 5 in Conjurations
  1825 | D:3      | Reached skill level 5 in Hexes
  1825 | D:3      | Reached skill level 5 in Summonings
  1825 | D:3      | Reached skill level 5 in Necromancy
  1825 | D:3      | Reached skill level 5 in Translocations
  1825 | D:3      | Reached skill level 5 in Fire Magic
  1825 | D:3      | Reached skill level 5 in Ice Magic
  1825 | D:3      | Reached skill level 5 in Air Magic
  1825 | D:3      | Reached skill level 5 in Earth Magic
  1825 | D:3      | Reached skill level 5 in Alchemy
  2320 | D:4      | Found a sand-covered staircase.
  2327 | D:4      | Reached XP level 6. HP: 29/40 MP: 0/0
  2334 | Ossuary  | Entered an ossuary
  2695 | Ossuary  | Noticed Menkaure
  2707 | Ossuary  | Killed Menkaure
  2708 | Ossuary  | Reached XP level 7. HP: 23/45 MP: 0/0
  2708 | Ossuary  | Learned a level 3 spell: Passwall
  3620 | D:4      | Reached XP level 8. HP: 37/50 MP: 0/0
  4005 | D:5      | Entered Level 5 of the Dungeon
  4314 | D:5      | Found Ifuejap's Distillery.
  4384 | D:5      | Bought a potion of haste for 100 gold pieces
  4384 | D:5      | Bought a potion of heal wounds for 50 gold pieces
  4500 | D:5      | Reached skill level 1 in Fighting
  5067 | D:6      | Reached XP level 9. HP: 57/61 MP: 0/0
  5067 | D:6      | Learned a level 3 spell: Teleport Other
  5286 | D:6      | Noticed Jeremiah
  5331 | D:6      | Killed Jeremiah
  5767 | D:6      | Found a shadowy altar of Dithmenos.
  5768 | D:6      | Found a hazy altar of Hepliaklqana.
  6020 | D:7      | Reached skill level 5 in Fighting
  6764 | D:7      | Found a staircase to the Ecumenical Temple.
  6773 | Temple   | Entered the Ecumenical Temple
  7002 | D:7      | Reached XP level 10. HP: 67/73 MP: 0/0
  7217 | D:8      | Noticed Erica
  7297 | D:8      | Noticed Gastronok
  7766 | D:8      | Killed from afar by an orc wizard

Illustrated notes

Levels and vault maps discovered:
D:1:      evilmike_arrival_plus, layout_basic
D:2:      minmay_door_path, layout_basic
D:3:      layout_rooms, nrook_mini_backslash
D:4:      layout_rooms, gup_ossuary_entry_pyramid
D:5:      layout_basic, serial_shops, nicolae_shop_waterfront
D:6:      layout_loops_ring, tgw_sif, riverfiend_overflow_shadow_ancestor,
          nrook_campfire, chequers_serial_rivers_small_3,
          corexii_hall_statues_i, minmay_misc_feat_cross, uniq_jeremiah
D:7:      layout_cave_pods, minmay_temple_entry_crystal_x, minmay_manual_mullet
D:8:      layout_basic, mainiacjoe_overflow_six_doors_small,
          nicolae_shop_firing_range, uniq_psyche, uniq_amaemon, uniq_gastronok,
          uniq_erica
Temple:   regret_index_temple_sphere_string

Skill      XL: |  1  2  3  4  5  6  7  8  9 |
---------------+----------------------------+-----
Spellcasting   | 4 5 6 7 8 9 |  9.4
Conjurations   | 4 5 6 7 8 9 |  9.4
Hexes          | 4 5 6 7 8 9 |  9.4
Summonings     | 4 5 6 7 8 9 |  9.5
Necromancy     | 4 5 6 7 8 9 |  9.4
Translocations | 4 5 6 7 8 9 |  9.4
Fire Magic     | 4 5 6 7 8 9 |  9.4
Ice Magic      | 4 5 6 7 8 9 |  9.4
Air Magic      | 4 5 6 7 8 9 |  9.4
Earth Magic    | 4 5 6 7 8 9 |  9.4
Alchemy        | 4 5 6 7 8 9 |  9.4
Fighting       | 3 6 |  6.7
Dodging        | |  2.1
Stealth        | |  1.5

Action                     |  1- 3 |  4- 6 |  7- 9 | 10-12 || total
---------------------------+-------+-------+-------+-------++-------
   Cast: Foxfire           |    68 |   126 |   154 |    12 ||   360
         Scorch            |       |    13 |    29 |     6 ||    48
         Volatile Blastmot |       |     7 |    52 |    21 ||    80
         Inner Flame       |       |       |     1 |       ||     1
    Use: Potion            |       |       |       |     3 ||     3
 Armour: Robe              |     2 |    44 |    44 |    25 ||   115
  Dodge: Dodged            |     6 |    29 |    49 |     6 ||    90
  Block: Other             |       |       |    12 |     7 ||    19
         Reflection        |       |       |       |     1 ||     1
